[Event "23rd Alekhine Master 2019"]
[Site "Voronezh"]
[Date "2019.06.16"]
[Round "5.3"]
[White "Rios, Cristhian Camilo"]
[Black "Nesterov, Arseniy"]
[Result "0-1"]
[ECO "E32"]
[WhiteElo "2513"]
[BlackElo "2423"]
[Annotator "ChessBase"]
[PlyCount "79"]
[EventDate "2019.06.12"]
[EventType "swiss"]
[EventCountry "RUS"]
[SourceTitle "playchess.com"]
[Source "ChessBase"]
[SourceQuality "1"]
[TimeControl "40/5400+30:1800+30"]

1. d4 Nf6 2. c4 e6 3. Nc3 Bb4 4. Qc2 O-O 5. a3 Bxc3+ 6. Qxc3 d5 7. Bg5 c5 8. dxc5 d4 9. Qc2 e5 10. e4 a5 11. O-O-O h6 12. Bh4 Nbd7 13. f4 exf4 14. Nf3 Qc7 15. Rxd4 g5 16. e5 Nxe5 17. Rd6 Neg4 18. Bf2 Nxf2 19. Rxf6 Ng4 20. Rb6 Qxc5 21. Rb5 Qf2 22. Bd3 Qxc2+ 23. Kxc2 Rd8 24. Re1 Ne3+ 25. Kc3 Nxg2 26. Re7 Kf8 27. Rc7 Rd7 28. Rcc5 Re7 29. Nd4 Ne3 30. Rb6 Be6 31. h3 Rd8 32. Nxe6+ Rxe6 33. Rxe6 fxe6 34. Be4 b6 35. Rc6 Nd1+ 36. Kc2 Ke7 37. Rc7+ Kf6 38. Rh7 Ke5 39. Bf3 Ne3+ 40. Kc3 0-1

[Event "23rd Alekhine Master 2019"]
[Site "Voronezh"]
[Date "2019.06.16"]
[Round "5.4"]
[White "Ruiz Castillo, Joshua Daniel"]
[Black "Rozum, Ivan"]
[Result "1/2-1/2"]
[ECO "B12"]
[WhiteElo "2472"]
[BlackElo "2572"]
[Annotator "ChessBase"]
[PlyCount "51"]
[EventDate "2019.06.12"]
[EventType "swiss"]
[EventCountry "RUS"]
[SourceTitle "playchess.com"]
[Source "ChessBase"]
[SourceQuality "1"]
[TimeControl "40/5400+30:1800+30"]

1. e4 c6 2. d4 d5 3. e5 Bf5 4. Nf3 e6 5. Be2 h6 6. O-O Ne7 7. Nbd2 Nd7 8. Nb3 Qc7 9. Bd2 a5 10. a4 g5 11. c3 Bg7 12. Ne1 c5 13. Bb5 Nc6 14. Nc2 c4 15. Nc1 Na7 16. Bxd7+ Qxd7 17. Ne3 Bg6 18. f4 gxf4 19. Rxf4 h5 20. Rf2 Nc8 21. Nf1 Qe7 22. Bf4 Nb6 23. Qd2 Qd7 24. Qd1 Qe7 25. Qd2 Qd7 26. Qd1 1/2-1/2

[Event "23rd Alekhine Master 2019"]
[Site "Voronezh"]
[Date "2019.06.16"]
[Round "5.5"]
[White "Shaposhnikov, Evgeny"]
[Black "Golubov, Saveliy"]
[Result "1-0"]
[ECO "A40"]
[WhiteElo "2572"]
[BlackElo "2460"]
[Annotator "ChessBase"]
[PlyCount "45"]
[EventDate "2019.06.12"]
[EventType "swiss"]
[EventCountry "RUS"]
[SourceTitle "playchess.com"]
[Source "ChessBase"]
[SourceQuality "1"]
[TimeControl "40/5400+30:1800+30"]

1. d4 g6 2. c4 Bg7 3. Nf3 Nf6 4. Nc3 O-O 5. Bg5 d6 6. e3 Nbd7 7. Qc2 h6 8. Bh4 g5 9. Bg3 Nh5 10. Be2 e6 11. Nd2 Nxg3 12. hxg3 c5 13. d5 exd5 14. Nxd5 Nf6 15. Bf3 Nxd5 16. Bxd5 Be6 17. Qd3 Rb8 18. Rd1 Qa5 19. a3 b5 20. Bxe6 fxe6 21. Qxd6 bxc4 22. Qxe6+ Kh7 23. O-O 1-0

[Event "23rd Alekhine Master 2019"]
[Site "Voronezh"]
[Date "2019.06.16"]
[Round "5.7"]
[White "Fedorov, Alexei"]
[Black "Ulko, Jaroslav"]
[Result "1/2-1/2"]
[ECO "C25"]
[WhiteElo "2553"]
[BlackElo "2438"]
[Annotator "ChessBase"]
[PlyCount "67"]
[EventDate "2019.06.12"]
[EventType "swiss"]
[EventCountry "RUS"]
[SourceTitle "playchess.com"]
[Source "ChessBase"]
[SourceQuality "1"]
[TimeControl "40/5400+30:1800+30"]

1. e4 e5 2. Nc3 d6 3. Bc4 Nf6 4. d3 c6 5. f4 exf4 6. Bxf4 d5 7. exd5 cxd5 8. Bb3 d4 9. Nb5 Bg4 10. Qd2 Na6 11. h3 Bb4 12. c3 dxc3 13. bxc3 Bd7 14. Nd6+ Bxd6 15. Bxd6 Qb6 16. Qe2+ Be6 17. Bxe6 Qxd6 18. Bc4+ Kf8 19. Qf3 Nc5 20. Ne2 Qb6 21. d4 Nce4 22. Rd1 g6 23. O-O Kg7 24. Ng3 Nxg3 25. Qxg3 Rhe8 26. Rf3 Rac8 27. Bb3 Rc4 28. Bxc4 Rc8 29. Bb3 Rxc3 30. Rxc3 Qxd4+ 31. Kh1 Ne4 32. Qh4 g5 33. Qh5 Qxc3 34. Rf1 1/2-1/2

[Event "23rd Alekhine Master 2019"]
[Site "Voronezh"]
[Date "2019.06.16"]
[Round "5.11"]
[White "Shariyazdanov, Andrey"]
[Black "Nikitenko, Mihail"]
[Result "1-0"]
[ECO "D11"]
[WhiteElo "2526"]
[BlackElo "2424"]
[Annotator "ChessBase"]
[PlyCount "57"]
[EventDate "2019.06.12"]
[EventType "swiss"]
[EventCountry "RUS"]
[SourceTitle "playchess.com"]
[Source "ChessBase"]
[SourceQuality "1"]
[TimeControl "40/5400+30:1800+30"]

1. d4 d5 2. c4 c6 3. Nf3 Nf6 4. g3 Bf5 5. Nc3 dxc4 6. Ne5 Nd5 7. Bg2 Nxc3 8. bxc3 Qa5 9. O-O Nd7 10. Nxd7 Bxd7 11. Rb1 O-O-O 12. d5 Be8 13. dxc6 Bxc6 14. Bxc6 Rxd1 15. Bxb7+ Kd7 16. Rxd1+ Ke6 17. Be3 Kf6 18. Bc6 Qxa2 19. Rb5 e5 20. Rb7 Qxe2 21. Rdd7 Qe1+ 22. Kg2 Qxc3 23. Be4 g6 24. Bd5 e4 25. Bxe4 Ke5 26. Bd5 f6 27. f4+ Kf5 28. Kf3 h5 29. h3 1-0

[Event "23rd Alekhine Master 2019"]
[Site "Voronezh"]
[Date "2019.06.16"]
[Round "5.12"]
[White "Rodin, Dmitrij"]
[Black "Visakh N R"]
[Result "*"]
[ECO "B90"]
[WhiteElo "2403"]
[BlackElo "2518"]
[Annotator "ChessBase"]
[PlyCount "51"]
[EventDate "2019.06.12"]
[EventType "swiss"]
[EventCountry "RUS"]
[SourceTitle "playchess.com"]
[Source "ChessBase"]
[SourceQuality "1"]
[TimeControl "40/5400+30:1800+30"]

1. e4 c5 2. Nf3 d6 3. d4 cxd4 4. Nxd4 Nf6 5. Nc3 a6 6. Be3 e5 7. Nf3 Be7 8. Bc4 O-O 9. O-O Nc6 10. Re1 Be6 11. Nd5 Bxd5 12. exd5 b5 13. Bf1 Nb4 14. c4 bxc4 15. Bxc4 Qc7 16. b3 Qb7 17. Bg5 Nbxd5 18. Bxd5 Qxd5 19. Bxf6 Qxd1 20. Raxd1 gxf6 21. Nh4 Rfd8 22. Nf5 Bf8 23. Rd5 Rac8 24. Red1 h5 25. Rxe5 fxe5 26. Rd5 *

[Event "23rd Alekhine Master 2019"]
[Site "Voronezh"]
[Date "2019.06.18"]
[Round "6.1"]
[White "Utegaliyev, Azamat"]
[Black "Pavlov, Sergey"]
[Result "1/2-1/2"]
[ECO "A04"]
[WhiteElo "2495"]
[BlackElo "2473"]
[Annotator "ChessBase"]
[PlyCount "80"]
[EventDate "2019.06.12"]
[EventType "swiss"]
[EventCountry "RUS"]
[SourceTitle "playchess.com"]
[Source "ChessBase"]
[SourceQuality "1"]
[TimeControl "40/5400+30:1800+30"]

1. Nf3 c5 2. c4 Nf6 3. b3 g6 4. Bb2 Bg7 5. g3 b6 6. Bg2 Bb7 7. O-O O-O 8. d4 cxd4 9. Qxd4 d6 10. Nc3 Nbd7 11. Rac1 Ne4 12. Qe3 Nxc3 13. Bxc3 Nf6 14. Rfd1 Rc8 15. h3 Rc7 16. a4 Qc8 17. a5 Nd5 18. cxd5 Rxc3 19. Rxc3 Qxc3 20. Qxe7 Qxb3 21. Rd3 Qb1+ 22. Kh2 bxa5 23. Nd2 Qb4 24. Ne4 a4 25. Nf6+ Bxf6 26. Qxf6 Ba6 27. Re3 a3 28. Qa1 Qb2 29. Qxa3 Qxa3 30. Rxa3 Bxe2 31. Rxa7 Rb8 32. Re7 Bd3 33. g4 h6 34. h4 Rb2 35. Kg3 Rb3 36. Kf4 Rb2 37. Kg3 Rb3 38. Kf4 Rb2 39. Kg3 Rb3 40. Kf4 Rb2 {Ke4} 1/2-1/2

[Event "23rd Alekhine Master 2019"]
[Site "Voronezh"]
[Date "2019.06.18"]
[Round "6.2"]
[White "Nesterov, Arseniy"]
[Black "Shaposhnikov, Evgeny"]
[Result "1-0"]
[ECO "E12"]
[WhiteElo "2423"]
[BlackElo "2572"]
[Annotator "ChessBase"]
[PlyCount "101"]
[EventDate "2019.06.12"]
[EventType "swiss"]
[EventCountry "RUS"]
[SourceTitle "playchess.com"]
[Source "ChessBase"]
[SourceQuality "1"]
[TimeControl "40/5400+30:1800+30"]

1. d4 Nf6 2. c4 e6 3. Nf3 b6 4. a3 Bb7 5. Nc3 g6 6. Qc2 Bg7 7. e4 d6 8. Bd3 Nbd7 9. O-O O-O 10. Bg5 h6 11. Bd2 c5 12. d5 exd5 13. exd5 Ng4 14. h3 Nge5 15. Nxe5 Nxe5 16. Be2 Bc8 17. f4 Bf5 18. Qb3 Nd7 19. g4 Re8 20. gxf5 Qh4 21. Rf3 Bxc3 22. Qxc3 Rxe2 23. Qd3 Rae8 24. fxg6 R8e4 25. gxf7+ Kxf7 26. Kf1 Qe7 27. Rf2 Rxf2+ 28. Kxf2 Qh4+ 29. Kg2 Nf6 30. Rf1 Re8 31. Rf3 Rg8+ 32. Kf1 Qh5 33. Bc3 Rg6 34. Re3 Nd7 35. Qe4 Nf8 36. f5 Rg5 37. Qe8+ Kg8 38. Qxh5 Rxh5 39. Rg3+ Kf7 40. Rg7+ Ke8 41. f6 Rf5+ 42. Kg2 Nd7 43. Re7+ Kd8 44. Re6 Kc7 45. Kg3 h5 46. Kh4 a6 47. Re7 Kd8 48. Rh7 Ke8 49. Rxh5 Rf4+ 50. Kg5 Rxc4 51. Kg6 1-0

[Event "23rd Alekhine Master 2019"]
[Site "Voronezh"]
[Date "2019.06.18"]
[Round "6.3"]
[White "Meshkovs, Nikita"]
[Black "Ruiz Castillo, Joshua Daniel"]
[Result "1/2-1/2"]
[ECO "A40"]
[WhiteElo "2550"]
[BlackElo "2472"]
[Annotator "ChessBase"]
[PlyCount "222"]
[EventDate "2019.06.12"]
[EventType "swiss"]
[EventCountry "RUS"]
[SourceTitle "playchess.com"]
[Source "ChessBase"]
[SourceQuality "1"]
[TimeControl "40/5400+30:1800+30"]

1. d4 Nf6 2. c4 e6 3. g3 d5 4. Nf3 Bb4+ 5. Bd2 Be7 6. Bg2 O-O 7. O-O Nbd7 8. Qb3 c6 9. Bf4 Ne4 10. h4 h6 11. Nfd2 g5 12. hxg5 hxg5 13. cxd5 gxf4 14. Bxe4 exd5 15. Bc2 f5 16. Qf3 Bd6 17. Qh5 Qf6 18. Nf3 Rf7 19. Kg2 Rh7 20. Qxf5 Rg7 21. Qxf6 Nxf6 22. Ne5 Bxe5 23. dxe5 Ng4 24. Rc1 fxg3 25. fxg3 Rf7 26. Bd3 Bf5 27. Nc3 d4 28. Nd1 Bxd3 29. exd3 Nxe5 30. Nf2 Raf8 31. Rc2 Rf3 32. Rh1 Nxd3 33. Nxd3 Rxd3 34. Rh4 Rf5 35. Re4 c5 36. g4 Rg5 37. b3 b5 38. b4 Rc3 39. Rd2 d3 40. Kf3 c4 41. Kf4 Rg7 42. Re1 Rf7+ 43. Kg5 Kg7 44. Rh2 Rc2 45. Rxc2 dxc2 46. Rc1 Rf2 47. Kh4 Kf6 48. Kg3 Rd2 49. Kf4 Rd4+ 50. Kf3 Ke5 51. Rxc2 Rd3+ 52. Kf2 Kf4 53. Ke1 Kxg4 54. Rf2 a6 55. Ke2 Kg3 56. Rf1 Ra3 57. Ra1 Rd3 58. Rf1 Kg4 59. Rf2 Ra3 60. Kd1 Kg3 61. Rd2 Kf3 62. Kc1 Ra4 63. Rh2 Rxb4 64. Rh3+ Ke4 65. Kc2 Ke5 66. Rh5+ Kf4 67. Rh3 Kg4 68. Ra3 Kf4 69. Rxa6 Ke4 70. Ra8 Ra4 71. Re8+ Kd4 72. Kb2 Ra7 73. Rd8+ Kc5 74. a3 Rh7 75. Rc8+ Kd5 76. Rd8+ Kc6 77. Rc8+ Kb7 78. Rg8 Rh2+ 79. Kb1 Kb6 80. Rc8 Kb7 81. Rc5 Kb6 82. Rc8 Rg2 83. Ka1 Rg6 84. Kb2 Rg2+ 85. Ka1 Rg5 86. Kb2 Kb7 87. Rh8 Rg2+ 88. Kb1 Kc6 89. Rh5 Kb6 90. Rh8 Kc5 91. Rh5+ Kd4 92. Rxb5 Kd3 93. Rd5+ Kc3 94. Rh5 Rg1+ 95. Ka2 Re1 96. a4 Re2+ 97. Kb1 Kb3 98. Rb5+ Kxa4 99. Rb8 Ka5 100. Kc1 Re5 101. Kc2 Rb5 102. Rxb5+ Kxb5 103. Kc3 Kc5 104. Kc2 Kd4 105. Kd2 c3+ 106. Kc2 Kc4 107. Kc1 Kd4 108. Kc2 Kc4 109. Kc1 Kd3 110. Kd1 c2+ 111. Kc1 Kc3 1/2-1/2

[Event "23rd Alekhine Master 2019"]
[Site "Voronezh"]
[Date "2019.06.18"]
[Round "6.4"]
[White "Zakhartsov, Vladimir"]
[Black "Svetushkin, Dmitry"]
[Result "1/2-1/2"]
[ECO "E10"]
[WhiteElo "2480"]
[BlackElo "2532"]
[Annotator "ChessBase"]
[PlyCount "104"]
[EventDate "2019.06.12"]
[EventType "swiss"]
[EventCountry "RUS"]
[SourceTitle "playchess.com"]
[Source "ChessBase"]
[SourceQuality "1"]
[TimeControl "40/5400+30:1800+30"]

1. d4 Nf6 2. c4 e6 3. Nf3 a6 4. Nc3 d5 5. cxd5 exd5 6. Bg5 Be6 7. Qb3 Nbd7 8. Qxb7 Rb8 9. Qc6 Rxb2 10. Na4 Rb8 11. a3 Bd6 12. e3 O-O 13. Bxa6 h6 14. Bh4 g5 15. Bg3 Ne4 16. Bd3 Nxg3 17. hxg3 Kg7 18. Bc2 Qf6 19. Qc3 Rfc8 20. Qd3 Rh8 21. Nc3 c5 22. O-O Rbc8 23. dxc5 Ne5 24. Nxd5 Nxf3+ 25. gxf3 Bxd5 26. Qxd5 Rxc5 27. Qe4 h5 28. Rad1 h4 29. Kg2 hxg3 30. fxg3 Re5 31. Qd3 Qe6 32. Rh1 Rxh1 33. Rxh1 Rxe3 34. Qd4+ Qe5 35. Qxe5+ Bxe5 36. Rf1 Rxa3 37. Rf2 Bd4 38. Re2 Be3 39. Be4 Kf6 40. Rc2 Ke6 41. g4 Ke5 42. Bf5 f6 43. Be4 Kf4 44. Bf5 Ke5 45. Be4 Kd4 46. Re2 Bf4 47. Bf5 Ra8 48. Be4 Rd8 49. Bf5 Kc3 50. Rc2+ Kb3 51. Re2 Rd6 52. Kf2 Rd2 1/2-1/2

[Event "23rd Alekhine Master 2019"]
[Site "Voronezh"]
[Date "2019.06.18"]
[Round "6.5"]
[White "Maiorov, Nikita"]
[Black "Shariyazdanov, Andrey"]
[Result "1/2-1/2"]
[ECO "E16"]
[WhiteElo "2527"]
[BlackElo "2526"]
[Annotator "ChessBase"]
[PlyCount "80"]
[EventDate "2019.06.12"]
[EventType "swiss"]
[EventCountry "RUS"]
[SourceTitle "playchess.com"]
[Source "ChessBase"]
[SourceQuality "1"]
[TimeControl "40/5400+30:1800+30"]

1. d4 Nf6 2. c4 e6 3. Nf3 b6 4. g3 Bb7 5. Bg2 Bb4+ 6. Bd2 Be7 7. O-O O-O 8. Nc3 c6 9. Qb3 d5 10. Rac1 Ne4 11. Bf4 dxc4 12. Qxc4 Ba6 13. Qb3 Nxc3 14. bxc3 Bxe2 15. Rfe1 Bxf3 16. Bxf3 Bd6 17. Be3 Qc7 18. c4 Nd7 19. c5 bxc5 20. dxc5 Be7 21. Bf4 e5 22. Be3 Rab8 23. Qc4 Nf6 24. Bg5 Nd5 25. Bxe7 Nxe7 26. Qe4 f6 27. Qc4+ Kh8 28. Qe6 Rbe8 29. Red1 Nd5 30. Qd6 e4 31. Rxd5 Qc8 32. Rdd1 exf3 33. Qf4 Re5 34. Qxf3 Rfe8 35. Kg2 Rf5 36. Qd3 Rd5 37. Qf3 Rf5 38. Qd3 Rd5 39. Qf3 Rf5 40. Qd3 Rd5 1/2-1/2

[Event "23rd Alekhine Master 2019"]
[Site "Voronezh"]
[Date "2019.06.18"]
[Round "6.6"]
[White "Kryakvin, Dmitry"]
[Black "Belyakov, Bogdan"]
[Result "1-0"]
[ECO "A10"]
[WhiteElo "2586"]
[BlackElo "2483"]
[Annotator "ChessBase"]
[PlyCount "115"]
[EventDate "2019.06.12"]
[EventType "swiss"]
[EventCountry "RUS"]
[SourceTitle "playchess.com"]
[Source "ChessBase"]
[SourceQuality "1"]
[TimeControl "40/5400+30:1800+30"]

1. c4 g6 2. g3 Bg7 3. Bg2 Nf6 4. Nc3 O-O 5. e3 c6 6. d4 d5 7. Qb3 e5 8. dxe5 Nfd7 9. cxd5 Nxe5 10. Nf3 Nd3+ 11. Ke2 Nc5 12. Qd1 b6 13. Kf1 cxd5 14. Nd4 Bb7 15. Kg1 Nba6 16. Bd2 Ne4 17. Be1 Nac5 18. Rc1 Rc8 19. Nce2 Qf6 20. Nf4 h5 21. h4 Nd7 22. Rxc8 Rxc8 23. Bh3 Rd8 24. Kg2 Ne5 25. a4 Bh6 26. b3 Bxf4 27. gxf4 Nc6 28. f3 Nxd4 29. Qxd4 Qxd4 30. exd4 Nd6 31. Bb4 Bc8 32. Bxc8 Nxc8 33. Rc1 Nd6 34. Bxd6 Rxd6 35. Rc7 a5 36. f5 Kg7 37. Kg3 Kf6 38. Kf4 gxf5 39. Rb7 Rc6 40. Rb8 Rd6 41. Rh8 Kg7 42. Rxh5 Rc6 43. Rg5+ Kh8 44. Rxf5 Rc3 45. Rxf7 Rxb3 46. Kg5 Kg8 47. Kg6 Rb1 48. Rf5 Rb4 49. h5 Rb1 50. Rxd5 Rg1+ 51. Rg5 Rf1 52. Rf5 Rg1+ 53. Kf6 Ra1 54. d5 b5 55. axb5 a4 56. Rf4 a3 57. Ra4 a2 58. f4 1-0

[Event "23rd Alekhine Master 2019"]
[Site "Voronezh"]
[Date "2019.06.18"]
[Round "6.7"]
[White "Rozum, Ivan"]
[Black "Potapov, Pavel"]
[Result "1-0"]
[ECO "A04"]
[WhiteElo "2572"]
[BlackElo "2479"]
[Annotator "ChessBase"]
[PlyCount "65"]
[EventDate "2019.06.12"]
[EventType "swiss"]
[EventCountry "RUS"]
[SourceTitle "playchess.com"]
[Source "ChessBase"]
[SourceQuality "1"]
[TimeControl "40/5400+30:1800+30"]

1. Nf3 f5 2. d3 Nc6 3. d4 e6 4. g3 Nf6 5. Bg2 d6 6. c4 Be7 7. d5 Ne5 8. Nd4 O-O 9. Qc2 exd5 10. cxd5 Ne8 11. O-O Bd7 12. Nc3 Kh8 13. f4 Ng4 14. h3 Nh6 15. e4 c6 16. Kh2 Rc8 17. e5 cxd5 18. e6 Bc6 19. Qd3 Nf6 20. b4 Ne4 21. b5 Bf6 22. bxc6 bxc6 23. Bb2 Re8 24. Rab1 Qe7 25. Rfe1 Rc7 26. Rbc1 Rec8 27. Re2 Bxd4 28. Qxd4 Ng8 29. g4 Qxe6 30. Nxe4 c5 31. gxf5 cxd4 32. fxe6 Rxc1 33. Nxd6 1-0

[Event "23rd Alekhine Master 2019"]
[Site "Voronezh"]
[Date "2019.06.18"]
[Round "6.8"]
[White "Savchenko, Boris"]
[Black "Rios, Cristhian Camilo"]
[Result "1-0"]
[ECO "E04"]
[WhiteElo "2567"]
[BlackElo "2513"]
[Annotator "ChessBase"]
[PlyCount "83"]
[EventDate "2019.06.12"]
[EventType "swiss"]
[EventCountry "RUS"]
[SourceTitle "playchess.com"]
[Source "ChessBase"]
[SourceQuality "1"]
[TimeControl "40/5400+30:1800+30"]

1. d4 Nf6 2. c4 e6 3. g3 d5 4. Nf3 dxc4 5. Bg2 a6 6. O-O Nc6 7. Bg5 Be7 8. e3 Rb8 9. Qc1 b5 10. b3 Na5 11. Nbd2 h6 12. Bf4 Nd5 13. bxc4 Nxf4 14. gxf4 c5 15. dxc5 O-O 16. Ne5 Bxc5 17. Nb3 Nxb3 18. axb3 Qh4 19. Nc6 Rb6 20. b4 Bb7 21. cxb5 Bxb4 22. bxa6 Rxa6 23. Rxa6 Bxa6 24. Nxb4 Bxf1 25. Qxf1 Rd8 26. Nc6 Rd2 27. Ne5 Ra2 28. h3 Qd8 29. Bc6 Qa5 30. Kh2 Qc3 31. Qg2 Qe1 32. Kg3 Ra3 33. Kh2 Ra2 34. Kg3 Ra3 35. Kg4 f6 36. Nf3 Qd1 37. Kh4 Qd6 38. Nd4 g5+ 39. Kh5 Kf7 40. Nb5 Qd1+ 41. Bf3 Qd3 42. Nxa3 1-0

[Event "23rd Alekhine Master 2019"]
[Site "Voronezh"]
[Date "2019.06.18"]
[Round "6.9"]
[White "Goganov, Aleksey"]
[Black "Kabanov, Nikolai"]
[Result "1-0"]
[ECO "E71"]
[WhiteElo "2559"]
[BlackElo "2455"]
[Annotator "ChessBase"]
[PlyCount "47"]
[EventDate "2019.06.12"]
[EventType "swiss"]
[EventCountry "RUS"]
[SourceTitle "playchess.com"]
[Source "ChessBase"]
[SourceQuality "1"]
[TimeControl "40/5400+30:1800+30"]

1. d4 Nf6 2. c4 d6 3. Nc3 g6 4. e4 Bg7 5. h3 O-O 6. Be3 e5 7. d5 a5 8. g4 Na6 9. Nge2 h5 10. g5 Nd7 11. Ng3 Ndc5 12. Nxh5 gxh5 13. Qxh5 Nb4 14. O-O-O Bd7 15. Rg1 Qe7 16. Kb1 c6 17. a3 Nba6 18. Be2 Nb3 19. Bg4 Nd4 20. Bxd7 Qxd7 21. g6 fxg6 22. Rxg6 Nc7 23. Rdg1 Rf7 24. Rh6 1-0

[Event "23rd Alekhine Master 2019"]
[Site "Voronezh"]
[Date "2019.06.18"]
[Round "6.10"]
[White "Visakh N R"]
[Black "Fedorov, Alexei"]
[Result "1/2-1/2"]
[ECO "B30"]
[WhiteElo "2518"]
[BlackElo "2553"]
[Annotator "ChessBase"]
[PlyCount "87"]
[EventDate "2019.06.12"]
[EventType "swiss"]
[EventCountry "RUS"]
[SourceTitle "playchess.com"]
[Source "ChessBase"]
[SourceQuality "1"]
[TimeControl "40/5400+30:1800+30"]

1. e4 c5 2. Nf3 Nc6 3. Nc3 e5 4. Bc4 Be7 5. d3 d6 6. O-O Nf6 7. Ng5 O-O 8. f4 exf4 9. Bxf4 h6 10. Nf3 Be6 11. Nd5 Qd7 12. a4 Bd8 13. Bd2 Bxd5 14. exd5 Ne7 15. Nh4 Ng4 16. Bb5 Qc8 17. Nf5 Nxf5 18. Qxg4 g6 19. a5 a6 20. Ba4 Bf6 21. c3 h5 22. Qh3 Be5 23. Rf2 Ng7 24. Qxc8 Raxc8 25. Bf4 Rcd8 26. Bg5 f6 27. Be3 f5 28. Re1 Bf6 29. Rfe2 h4 30. Rd1 g5 31. d4 f4 32. Bf2 c4 33. Rb1 Rf7 34. b4 cxb3 35. Rxb3 Rc8 36. Be1 Bd8 37. Be8 Nxe8 38. Rxe8+ Kg7 39. Kf2 Rd7 40. Kf3 Kf7 41. Rh8 Kg7 42. Re8 Kf7 43. Rh8 Kg7 44. Re8 1/2-1/2

[Event "23rd Alekhine Master 2019"]
[Site "Voronezh"]
[Date "2019.06.18"]
[Round "6.11"]
[White "Puranik, Abhimanyu"]
[Black "Rodin, Dmitrij"]
[Result "1-0"]
[ECO "B42"]
[WhiteElo "2548"]
[BlackElo "2403"]
[Annotator "ChessBase"]
[PlyCount "113"]
[EventDate "2019.06.12"]
[EventType "swiss"]
[EventCountry "RUS"]
[SourceTitle "playchess.com"]
[Source "ChessBase"]
[SourceQuality "1"]
[TimeControl "40/5400+30:1800+30"]

1. e4 c5 2. Nf3 e6 3. d4 cxd4 4. Nxd4 a6 5. Bd3 Qb6 6. Nb3 Qc7 7. Nc3 Nf6 8. f4 d6 9. Be3 Be7 10. Qe2 b5 11. a3 Bb7 12. O-O-O Nc6 13. g4 b4 14. axb4 Nxb4 15. g5 Nd7 16. Kb1 O-O 17. Rhg1 Rfe8 18. Rg3 Nxd3 19. Qxd3 Rac8 20. e5 d5 21. Bd4 Bb4 22. Rh3 Nf8 23. Na4 Bc6 24. Nc3 Bb7 25. f5 exf5 26. Qxf5 a5 27. Nb5 Qd7 28. Qxd7 Nxd7 29. c3 Bf8 30. Nxa5 Ba6 31. Nd6 Bxd6 32. exd6 Re6 33. Re3 Rxd6 34. Rde1 Nf8 35. Nb3 Re6 36. Nc5 Rxe3 37. Rxe3 Bb5 38. b4 Re8 39. Rxe8 Bxe8 40. Nb7 Nd7 41. Nd6 Kf8 42. Bxg7+ Kxg7 43. Nxe8+ Kg6 44. h4 h6 45. gxh6 Kxh6 46. Nd6 f6 47. Kc2 Kh5 48. Nf5 Nb6 49. Kd3 Kg4 50. Ne3+ Kxh4 51. Kd4 Kg5 52. Nxd5 Nxd5 53. Kxd5 f5 54. b5 f4 55. Ke4 Kg4 56. b6 f3 57. Ke3 1-0

[Event "23rd Alekhine Master 2019"]
[Site "Voronezh"]
[Date "2019.06.18"]
[Round "6.12"]
[White "Ulko, Jaroslav"]
[Black "Afanasiev, Nikita"]
[Result "1/2-1/2"]
[ECO "B40"]
[WhiteElo "2438"]
[BlackElo "2524"]
[Annotator "ChessBase"]
[PlyCount "82"]
[EventDate "2019.06.12"]
[EventType "swiss"]
[EventCountry "RUS"]
[SourceTitle "playchess.com"]
[Source "ChessBase"]
[SourceQuality "1"]
[TimeControl "40/5400+30:1800+30"]

1. e4 c5 2. Nf3 e6 3. d3 Nc6 4. g3 d5 5. Nbd2 Nf6 6. Bg2 Be7 7. O-O Qc7 8. Re1 b6 9. c3 Bb7 10. exd5 exd5 11. Nf1 O-O 12. Bf4 Bd6 13. Bg5 Nd7 14. Nh4 Nd8 15. Nf5 Ne6 16. Be7 Bxe7 17. Nxe7+ Kh8 18. Nxd5 Qd6 19. Nfe3 Rad8 20. Qh5 b5 21. Rad1 Qa6 22. f4 Nb6 23. Nxb6 Bxg2 24. Nxg2 Qxb6 25. f5 Nc7 26. Re7 Kg8 27. f6 Ne6 28. Ne3 Rde8 29. Nd5 Qd6 30. Re1 Rxe7 31. Nxe7+ Kh8 32. Nf5 Qxd3 33. Rxe6 Qb1+ 34. Kg2 g6 35. Qh6 Qc2+ 36. Kg1 Qb1+ 37. Kg2 Qc2+ 38. Kg1 Qb1+ 39. Kg2 Qc2+ 40. Kg1 Qb1+ 41. Kg2 Qc2+ 1/2-1/2

[Event "23rd Alekhine Master 2019"]
[Site "Voronezh"]
[Date "2019.06.18"]
[Round "6.13"]
[White "Tologontegin, Semetey"]
[Black "Tsydypov, Zhamsaran"]
[Result "0-1"]
[ECO "A36"]
[WhiteElo "2386"]
[BlackElo "2573"]
[Annotator "ChessBase"]
[PlyCount "122"]
[EventDate "2019.06.12"]
[EventType "swiss"]
[EventCountry "RUS"]
[SourceTitle "playchess.com"]
[Source "ChessBase"]
[SourceQuality "1"]
[TimeControl "40/5400+30:1800+30"]

1. c4 c5 2. g3 g6 3. Bg2 Bg7 4. Nc3 Nc6 5. b3 Nf6 6. Bb2 d6 7. e3 Bg4 8. Nge2 h5 9. h3 Bf5 10. d3 Qc8 11. Qd2 O-O 12. f3 e5 13. g4 Be6 14. Ne4 Qd8 15. O-O-O h4 16. f4 exf4 17. Nxf4 Nxe4 18. Bxe4 Re8 19. Rhf1 Qg5 20. Rf2 Re7 21. Rdf1 Ne5 22. Kb1 Rae8 23. Qc2 Nc6 24. Bxg7 Kxg7 25. Qb2+ Kh6 26. a3 Ne5 27. Ka2 b5 28. cxb5 d5 29. Bf5 gxf5 30. gxf5 Bc8 31. f6 Nxd3 32. Nxd3 Rxe3 33. Nf4 d4 34. Rg2 Rg3 35. Rxg3 hxg3 36. h4 Qe5 37. a4 Qe3 38. Qc2 Re5 39. Qd1 g2 40. Nxg2 Qe2+ 41. Ka3 Qxg2 42. Qc1+ Re3 43. Qxc5 Be6 44. Rb1 Qg3 45. Qb4 Qe5 46. a5 Qxf6 47. b6 axb6 48. axb6 Bd5 49. Qf8+ Kh5 50. Qc5 Qe5 51. Kb4 Rc3 52. Re1 Rxb3+ 53. Ka4 Re3 54. Rxe3 dxe3 55. b7 Qa1+ 56. Kb5 Qb2+ 57. Ka5 Qxb7 58. Qxe3 Qc7+ 59. Kb4 Qc4+ 60. Ka5 Qa2+ 61. Kb4 Qb3+ 0-1

[Event "23rd Alekhine Master 2019"]
[Site "Voronezh"]
[Date "2019.06.18"]
[Round "6.14"]
[White "Nozdrachev, Leonid"]
[Black "Volkov, Sergey"]
[Result "1/2-1/2"]
[ECO "D15"]
[WhiteElo "2395"]
[BlackElo "2567"]
[Annotator "ChessBase"]
[PlyCount "106"]
[EventDate "2019.06.12"]
[EventType "swiss"]
[EventCountry "RUS"]
[SourceTitle "playchess.com"]
[Source "ChessBase"]
[SourceQuality "1"]
[TimeControl "40/5400+30:1800+30"]

1. d4 d5 2. c4 c6 3. Nc3 Nf6 4. Nf3 a6 5. g3 dxc4 6. a4 e6 7. Bg2 c5 8. dxc5 Qxd1+ 9. Nxd1 Bd7 10. Ne5 Bc6 11. Nxc6 Nxc6 12. Ne3 c3 13. bxc3 Bxc5 14. Nc4 Nd5 15. Rb1 O-O-O 16. Bd2 Rd7 17. O-O Rhd8 18. Rb2 Kb8 19. Rfb1 Ka7 20. a5 Rc7 21. e4 Nde7 22. Bf4 Rcd7 23. Bf3 Ng6 24. Nb6 Nxf4 25. Nxd7 Bxf2+ 26. Rxf2 Nh3+ 27. Kg2 Nxf2 28. Nc5 Rd2 29. Rxb7+ Ka8 30. e5 Nxe5 31. Rd7+ Nxf3 32. Kxf3 Rxd7 33. Nxd7 Nd1 34. Nb6+ Kb7 35. Na4 Nxc3 36. Nxc3 Kc6 37. Ke3 e5 38. g4 f6 39. h4 Kc5 40. Ne4+ Kb4 41. Nd6 Kxa5 42. Ne8 Kb4 43. Nxg7 a5 44. Kd2 a4 45. Kc2 e4 46. Nf5 Kc4 47. g5 fxg5 48. hxg5 Kd5 49. g6 hxg6 50. Ne7+ Kd4 51. Nxg6 e3 52. Nf4 Ke4 53. Ne2 Ke5 1/2-1/2

[Event "23rd Alekhine Master 2019"]
[Site "Voronezh"]
[Date "2019.06.19"]
[Round "7.1"]
[White "Pavlov, Sergey"]
[Black "Nesterov, Arseniy"]
[Result "1/2-1/2"]
[ECO "D11"]
[WhiteElo "2473"]
[BlackElo "2423"]
[Annotator "ChessBase"]
[PlyCount "57"]
[EventDate "2019.06.12"]
[EventType "swiss"]
[EventCountry "RUS"]
[SourceTitle "playchess.com"]
[Source "ChessBase"]
[SourceQuality "1"]
[TimeControl "40/5400+30:1800+30"]

1. c4 c6 2. d4 d5 3. Nf3 Nf6 4. g3 Bg4 5. Ne5 Bf5 6. cxd5 cxd5 7. Nc3 Nc6 8. Bg2 Rc8 9. O-O e6 10. Qb3 Qb6 11. Qxb6 axb6 12. Be3 Bd6 13. Nb5 Bb8 14. Rac1 Ke7 15. Bf4 Nd7 16. Nxd7 Kxd7 17. Bd2 Na7 18. Nc3 Rc4 19. e3 Rhc8 20. Rfe1 Bd3 21. Bh3 Ke7 22. b3 R4c6 23. Na4 Rxc1 24. Rxc1 Rxc1+ 25. Bxc1 Bb1 26. Nc3 Bd3 27. Na4 Bb1 28. Nc3 Bd3 29. Na4 1/2-1/2